 Dungeon Crawl Stone Soup version 0.19.1 (webtiles) character file.

9492 kae the Commander (level 11, -6/87 HPs)
             Began as a Formicid Fighter on Dec 24, 2016.
             Was a High Priest of Okawaru.
             Mangled by a manticore (8 damage)
             ... on level 2 of the Lair of Beasts.
             The game lasted 00:12:50 (12551 turns).

kae the Commander (Formicid Fighter)               Turns: 12551, Time: 00:12:50

Health: -6/87      AC: 11    Str: 24    XL:     11   Next: 75%
Magic:  16/18      EV: 12    Int:  8    God:    Okawaru [*****.]
Gold:   593        SH: 14    Dex: 10    Spells: 0 memorised, 10 levels left

rFire  . . .     SeeInvis +     a - +1 long sword (venom)
rCold  . . .     Gourm    .     b - +0 scale mail
rNeg   + . .     Faith    .     c - +1 shield
rPois  .         Spirit   .     (helmet unavailable)
rElec  .         Reflect  .     (no cloak)
rCorr  .         Harm     .     (no gloves)
MR     +....                    D - +0 pair of boots
Stlth  +.........               (no amulet)
                                G - ring of positive energy (curse)
                                p - ring of wizardry

@: heroism, barbed spikes
A: permanent stasis, dig shafts and tunnels, four strong arms, antennae 3
a: Dig, Shaft Self, Heroism, Finesse, Renounce Religion


You were on level 2 of the Lair of Beasts.
You worshipped Okawaru.
Okawaru was extremely pleased with you.
You were not hungry.

You visited 2 branches of the dungeon, and saw 10 of its levels.
You also visited: Ossuary.

You collected 621 gold pieces.
You spent 28 gold pieces at shops.

Inventory:

Hand Weapons
 a - a +1 long sword of venom (weapon)
 H - a +1 long sword of holy wrath
Missiles
 I - 2 throwing nets (quivered)
Armour
 b - a +0 scale mail (worn)
 c - a +1 shield (worn)
 D - a +0 pair of boots (worn)
 F - a +2 chain mail of cold resistance
Jewellery
 g - an uncursed ring of protection from cold
 o - an uncursed ring of magical power
 p - a ring of wizardry (left hand)
 G - a cursed ring of positive energy (right hand)
Wands
 j - a wand of hasting (5/9)
 r - a wand of enslavement (9/24)
 t - a wand of polymorph (18/24)
 E - a wand of flame (21/48)
Scrolls
 l - 6 scrolls of remove curse
 s - a scroll of magic mapping
 v - a scroll of recharging
 w - a scroll of acquirement {unknown}
 x - 5 scrolls of identify
 y - a scroll of random uselessness {unknown}
 A - a scroll of enchant weapon
Potions
 e - a potion of flight
 h - a potion of mutation
 k - 3 potions of lignification
 u - a potion of agility {unknown}
 z - a potion of resistance {unknown}
 B - a potion of curing
 C - a potion of haste {unknown}
Books
 n - a book of Minor Magic

   Spells                             Type                      Level
   a - Magic Dart                     Conjuration                  1
   b - Blink                          Translocation                2
   c - Call Imp                       Summoning                    2
   d - Repel Missiles                 Charms/Air                   2
   e - Slow                           Hexes                        2
   f - Conjure Flame                  Conjuration/Fire             3
   g - Mephitic Cloud                 Conjuration/Poison/Air       3
Comestibles
 f - 5 bread rations
 i - 28 fruits
 m - 2 beef jerkies
 q - 3 meat rations


   Skills:
 + Level 8.4(13.4) Fighting
 * Level 9.5(14.5) Long Blades
 + Level 8.3(13.3) Armour
 + Level 9.2(14.2) Shields
 * Level 10.6 Invocations


You had 10 spell levels left.
You didn't know any spells.

Dungeon Overview and Level Annotations

Branches:
Dungeon (8/15)             Temple (0/1) D:6            Lair (2/6) D:8
  Swamp: Lair:2-4    Shoals: Lair:2-4     Snake: Lair:2-4    Spider: Lair:2-4

Altars:
Ashenzari
Makhleb
Okawaru
Vehumet
Xom

Shops:
D:4 ?

Annotations:
D:2 1 runed door


Innate Abilities, Weirdness & Mutations

You are under a permanent stasis effect.
You can dig through walls and to a lower floor.
Your four strong arms can wield two-handed weapons with a shield.
You have a pair of large antennae on your head. (SInv)


Message History

* * * LOW HITPOINT WARNING * * *
You feel better.
You feel better.
The manticore flicks its tail.
The volley of spikes hits you!
The barbed spikes become lodged in your body.
* * * LOW HITPOINT WARNING * * *
You feel better.
You feel better. The manticore closely misses you.
You riposte.
You hit the manticore but do no damage.
The manticore is poisoned.
You block the manticore's attack. x2
You gain the combat prowess of a mighty hero.
The manticore completely misses you. The manticore barely misses you.
You block the manticore's attack.
You hit the manticore but do no damage.
The manticore looks as sick as possible!
The manticore bites you!!
* * * LOW HITPOINT WARNING * * *
The manticore claws you!
You die...

.... .....
............. .......
....................
............ ...[..
........... ......
.....#.#.###.....
....P..#.#.#....
###........[#.....
#@H.รท.##....##....
###.........P#....
#....#....##....
##...#.....##...[
#....##....##....
#.h..#####!##....
........#.###..#....
....................
.....................


You could see a manticore.

Vanquished Creatures
  Harold (Lair:2)
  4 death yaks (Lair:2)
  2 hippogriffs
  A wraith (Ossuary)
  A hungry ghost (D:8)
  5 yaks (Lair:1)
  2 hell hounds (D:8)
  An ice beast (D:6)
  2 water moccasins (Lair:1)
  3 orc warriors
  A black bear (D:6)
  A sky beast (D:7)
  A necrophage (D:8)
  An ogre (D:6)
  A phantom (D:7)
  3 wolves (Lair:2)
  A crocodile (Lair:1)
  2 centaurs
  5 bullfrogs
  A big kobold (D:8)
  A wyvern zombie (D:8)
  A water moccasin zombie (D:8)
  4 scorpions
  13 killer bees
  7 wights
  5 howler monkeys
  5 crimson imps
  4 orc priests
  8 hounds
  A human zombie (Ossuary)
  Jessica (D:4)
  5 iguanas
  Natasha (twice) (D:2)
  5 orc wizards
  12 worker ants
  A hound zombie (D:8)
  3 hound skeletons
  3 mummies (Ossuary)
  Robin (D:1)
  2 worker ant zombies
  A gnoll (D:1)
  10 adders
  3 shadow imps
  An ooze (D:2)
  An adder zombie (D:7)
  An adder skeleton (D:6)
  6 worms
  2 dart slugs (D:2)
  4 leopard geckos
  19 orcs
  11 bats
  5 giant cockroaches
  A gnoll zombie (Ossuary)
  13 goblins
  10 hobgoblins
  7 jackals
  9 kobolds
  3 quokkas
  5 ball pythons
  7 frilled lizards
  2 goblin zombies (Ossuary)
  5 hobgoblin zombies (Ossuary)
  A jackal skeleton (D:8)
  3 kobold zombies (Ossuary)
  A leopard gecko zombie (D:6)
  A quokka skeleton (D:5)
  3 rats
258 creatures vanquished.

Vanquished Creatures (others)
  2 fungi (Lair:2)
  15 toadstools (Lair:1)
17 creatures vanquished.

Grand Total: 275 creatures vanquished

Notes
Turn   | Place    | Note
-------+----------+-------------------------------------------
     0 | D:1      | kae the Formicid Fighter began the quest for the Orb.
     0 | D:1      | Reached XP level 1. HP: 18/18 MP: 1/1
   156 | D:1      | Reached XP level 2. HP: 24/24 MP: 2/2
   329 | D:2      | Noticed Natasha
   330 | D:2      | Reached XP level 3. HP: 29/29 MP: 3/3
   344 | D:2      | Killed Natasha
   344 | D:2      | Reached XP level 4. HP: 26/37 MP: 4/4
   491 | D:2      | Noticed Robin
   682 | D:1      | Killed Robin
  1016 | D:2      | Found a runed door.
  1089 | D:2      | Reached XP level 5. HP: 40/42 MP: 5/5
  1152 | D:2      | Noticed Natasha
  1201 | D:2      | Noticed Jessica
  1332 | D:2      | Killed Natasha
  1777 | D:2      | Found an iron altar of Okawaru.
  1782 | D:2      | Became a worshipper of Warmaster Okawaru
  2640 | D:3      | Reached skill level 1 in Invocations
  2840 | D:3      | Reached XP level 6. HP: 38/48 MP: 6/6
  3428 | D:4      | Killed Jessica
  3962 | D:4      | Reached skill level 2 in Invocations
  4197 | D:4      | Reached XP level 7. HP: 42/55 MP: 8/8
  4255 | D:4      | Found Epimmo's Magic Scroll Shop.
  4283 | D:4      | Bought a scroll of identify for 28 gold pieces
  4532 | D:4      | Found a shimmering altar of Xom.
  4548 | D:4      | Reached * piety under Okawaru
  4548 | D:4      | Reached skill level 3 in Invocations
  4549 | D:4      | Found a burning altar of Makhleb.
  4699 | D:5      | Entered Level 5 of the Dungeon
  4763 | D:5      | Reached skill level 5 in Shields
  5104 | D:5      | Reached skill level 5 in Fighting
  5117 | D:5      | Reached skill level 5 in Long Blades
  5137 | D:5      | Reached skill level 5 in Armour
  5137 | D:5      | Reached XP level 8. HP: 22/62 MP: 10/10
  5561 | D:5      | Reached skill level 4 in Invocations
  6082 | D:6      | Found a radiant altar of Vehumet.
  6091 | D:6      | Found a staircase to the Ecumenical Temple.
  6147 | D:6      | Reached ** piety under Okawaru
  6147 | D:6      | Reached skill level 5 in Invocations
  6460 | D:6      | Found a shattered altar of Ashenzari.
  6937 | D:6      | Reached XP level 9. HP: 60/69 MP: 13/13
  6975 | D:6      | Reached skill level 6 in Invocations
  7873 | D:7      | Reached *** piety under Okawaru
  7956 | D:7      | Reached skill level 7 in Invocations
  8292 | D:7      | Found a sand-covered staircase.
  8298 | Ossuary  | Entered an ossuary
  8774 | Ossuary  | Reached XP level 10. HP: 53/77 MP: 15/15
  9033 | D:7      | Reached skill level 8 in Invocations
  9209 | D:7      | Received a gift from Okawaru
  9400 | D:8      | Found a staircase to the Lair.
  9826 | D:8      | Reached **** piety under Okawaru
 10236 | D:8      | Received a gift from Okawaru
 10347 | D:8      | Reached skill level 9 in Invocations
 10621 | D:8      | Found a shattered altar of Ashenzari.
 11225 | Lair:1   | Entered Level 1 of the Lair of Beasts
 11282 | Lair:1   | Reached XP level 11. HP: 33/84 MP: 18/18
 11675 | Lair:1   | Reached ***** piety under Okawaru
 11959 | Lair:1   | Noticed a four-headed hydra
 11962 | Lair:1   | You fall through a shaft!
 11967 | Lair:2   | Noticed Harold
 11981 | Lair:2   | Killed Harold
 11981 | Lair:2   | Received a gift from Okawaru
 12226 | Lair:2   | Noticed a death yak
 12227 | Lair:2   | Noticed a death yak
 12236 | Lair:1   | Noticed a seven-headed hydra
 12242 | Lair:1   | You fall through a shaft!
 12243 | Lair:2   | Noticed a death yak
 12243 | Lair:2   | Noticed a death yak
 12262 | Lair:2   | Killed a death yak
 12262 | Lair:2   | Reached skill level 10 in Invocations
 12269 | Lair:2   | Killed a death yak
 12276 | Lair:2   | Killed a death yak
 12290 | Lair:2   | Killed a death yak
 12537 | Lair:2   | Noticed a manticore
 12543 | Lair:2   | HP: 2/87 [manticore/volley of spikes (18)]
 12551 | Lair:2   | HP: 2/87 [manticore (18)]
 12551 | Lair:2   | Mangled by a manticore

Skill      XL: |  1  2  3  4  5  6  7  8  9 10 11 |
---------------+----------------------------------+-----
Shields        | 4 5 6 8 9 |  9.2
Long Blades    | 3 4 5 7 8 9 |  9.5
Armour         | 4 5 6 7 8 |  8.3
Fighting       | 4 5 6 7 8 |  8.4
Invocations    | 1 2 3 5 7 9 10 | 10.6

Action                   |  1- 3 |  4- 6 |  7- 9 | 10-12 || total
-------------------------+-------+-------+-------+-------++-------
Melee: Long sword        |    37 |   287 |   445 |   389 ||  1158
Invok: Heroism           |       |       |     6 |     9 ||    15
       Finesse           |       |       |       |     1 ||     1
 Abil: Dig               |       |     2 |     4 |     2 ||     8
       Shaft Self        |       |       |       |     2 ||     2
  Use: Potion            |       |     4 |     1 |     7 ||    12
       Scroll            |       |     7 |     8 |       ||    15
  Eat: Chunk             |       |    11 |    14 |    12 ||    37
       Fruit             |       |       |     1 |     2 ||     3
       Bread ration      |       |       |       |     1 ||     1
Armor: Scale mail        |    19 |   123 |   128 |    67 ||   337
Dodge: Dodged            |    15 |   104 |   113 |    91 ||   323
Block: Shield            |    29 |   173 |   204 |   210 ||   616
       Rpst.: Long sword |     5 |    32 |    47 |    31 ||   115
